 Dungeon Crawl Stone Soup version 0.30.1-11-g7821555f0a (webtiles) character file.

Game seed: 5650408539436810245

15297 ichi404 the Severer (level 12, 0/113 HPs)
             Began as a Hill Orc Fighter on Jan 14, 2024.
             Slain by an eight-headed hydra (14 damage)
             ... on level 1 of the Lair of Beasts.
             The game lasted 00:41:43 (6005 turns).

ichi404 the Severer (Hill Orc Fighter)              Turns: 6005, Time: 00:41:44

Health: 0/113      AC:  8    Str: 30    XL:     12   Next: 25%
Magic:  12/12      EV: 13    Int:  8    God:
Gold:   567        SH:  0    Dex: 12    Spells: 11/11 levels left

rFire   + . .        n - +9 broad axe of Propriety {venom, rPois Str+2}
rCold   . . .        q - orb {light}
rNeg    . . .        I - +0 steam dragon scales
rPois   +            r - +1 hat
rElec   .            z - +0 cloak
rCorr   .            (no gloves)
SInv    .            (no boots)
Will    .....        (no amulet)
Stlth   +            p - ring of protection from fire
HPRegen 0.38/turn    H - +6 ring of strength
MPRegen 0.13/turn

%: no passive effects
@: glowing
A: no striking features
a: no special abilities


You were on level 1 of the Lair of Beasts.
You visited 2 branches of the dungeon, and saw 12 of its levels.

You collected 567 gold pieces.

Inventory:

Hand Weapons
 a - a +0 war axe
 n - the +9 broad axe of Propriety (weapon) {venom, rPois Str+2}
   (You acquired it on level 3 of the Dungeon)

   Str:       It affects your strength (+2).
   rPois:     It protects you from poison.
 t - a +1 short sword of draining
 K - a +3 flail
 L - a +1 war axe of freezing
Missiles
 x - 2 throwing nets (quivered)
 A - 9 poisoned darts
Armour
 c - a +0 buckler
 h - a +3 leather armour
 q - an orb of light (worn)
 r - a +1 hat (worn)
 z - a +0 cloak (worn)
 I - +0 steam dragon scales (worn)
 J - a +2 leather armour of fire resistance
Magical Staves
 e - a staff of death
Jewellery
 f - a ring of flight
 g - a ring of protection from fire
 i - a ring of ice
 k - a ring of fire
 o - an amulet of faith
 p - a ring of protection from fire (left hand)
 H - a +6 ring of strength (right hand)
Wands
 m - a wand of roots (9)
 s - a wand of digging (6)
 y - a wand of charming (12)
Scrolls
 l - a scroll of teleportation
 u - a scroll of magic mapping
 B - 3 scrolls of identify
 E - a scroll of brand weapon
 M - a scroll of vulnerability {unknown}
 N - a scroll of enchant armour {unknown}
 O - a scroll of fear {unknown}
Potions
 b - a potion of heal wounds {unknown}
 d - a potion of might
 j - 2 potions of curing
 v - a potion of flight {unknown}
 w - 2 potions of haste {unknown}
 C - a potion of attraction {unknown}
 D - 2 potions of brilliance {unknown}
 F - 2 potions of degeneration
 G - a potion of lignification {unknown}


   Skills:
 * Level 12.3 Fighting
 + Level 19.3 Axes
 * Level 5.7 Armour
 * Level 4.1 Dodging
 + Level 2.2 Stealth
 + Level 3.5 Shields


You had 11 spell levels left.
You didn't know any spells.
Your spell library contained the following spells:

 Spells                   Type           Power      Damage    Failure   Level
 Apportation              Tloc           0%         N/A       41%         1
 Necrotise                Necr           0%         1d4       41%         1
 Summon Small Mammal      Summ           0%         N/A       41%         1
 Scorch                   Fire           0%         2d5       54%         2
 Animate Armour           Summ/Erth      0%         N/A       99%         4
 Flame Wave               Conj/Fire      0%         2d4       99%         4
 Passage of Golubria      Tloc           0%         N/A       99%         4
 Blade Hands              Tmut           0%         N/A       100%        5
 Silence                  Hex/Air        0%         N/A       100%        5
 Iron Shot                Conj/Erth      0%         9d1       100%        6
 Summon Cactus Giant      Summ           0%         N/A       100%        6
 Lehudib's Crystal Spear  Conj/Erth      0%         10d2      100%        8
 Chain Lightning          Conj/Air       0%         N/A       100%        9
 Fire Storm               Conj/Fire      0%         5d1       100%        9
 Shatter                  Erth           0%         3d5*      100%        9


Dungeon Overview and Level Annotations

Branches:
Dungeon (11/15)            Temple (0/1) D:4            Lair (1/5) D:11
    Orc: D:9-12

Altars:
Dithmenos
Trog
The Shining One

Shops:
D:6 [   D:9 =

Annotations:
D:5 3 runed translucent doors, mihai's ghost, novice MiFi
D:7 1 runed translucent door


Message History

The polar bear claws you but does no damage.
The polar bear claws you.
You slash the polar bear!
The polar bear looks as sick as possible!
The polar bear is heavily wounded.
You slice the polar bear!!
You kill the polar bear!
You completely miss the eight-headed hydra.
The eight-headed hydra closely misses you.
The eight-headed hydra completely misses you.
The eight-headed hydra bites you! The eight-headed hydra bites you. x2
The eight-headed hydra closely misses you.
The eight-headed hydra misses you. The eight-headed hydra bites you.
You hit the eight-headed hydra.
The eight-headed hydra is lightly wounded.
The eight-headed hydra completely misses you.
The eight-headed hydra bites you!
The eight-headed hydra bites you but does no damage.
The eight-headed hydra bites you!
The eight-headed hydra barely misses you.
The eight-headed hydra bites you but does no damage.
The eight-headed hydra barely misses you.
The eight-headed hydra bites you!
Aiming: Charm
Press: ? - help, Q - select action, (/) - cycle Shift-Dir - straight line, f - eight-headed hydra
Aim: an eight-headed hydra (haloed, chance to affect: 17%)
The eight-headed hydra resists with almost no effort.
The eight-headed hydra bites you but does no damage.
The eight-headed hydra closely misses you.
The eight-headed hydra bites you but does no damage.
The eight-headed hydra bites you!
* * * LOW HITPOINT WARNING * * *
The eight-headed hydra bites you!
* * * LOW HITPOINT WARNING * * *
The eight-headed hydra bites you!
* * * LOW HITPOINT WARNING * * *
The eight-headed hydra bites you.
* * * LOW HITPOINT WARNING * * *
The eight-headed hydra bites you!
You die...

..# ###..............♣###
..#######.#.........P.......#
...........................♣#
...................P.....P..♣
...............PP.........P.♣#
..............P...........P..♣
...........♣P.....#####......♣##
............P..P..#..:#.P......#
...#.#.P##.....P@D).$.#........#
..########........#..)#.PP..P..##
..P# ##...P.PP#####........P#
..## #.♣...............P♣.## ..#
#...............P.♣.... ..#
#.♣♣...P............... ..#
#..♣................... ..P#
##..P.♣..........P♣..... ..##
#...[.♣♣.....P♣.........


You could see an eight-headed hydra.

Vanquished Creatures
  Erica (Lair:1)
  2 two-headed ogres (D:10)
  A skeletal warrior (D:11)
  Pikel (D:6)
  3 elephants (Lair:1)
  3 cane toads (Lair:1)
  2 komodo dragons (Lair:1)
  A troll (D:10)
  A polar bear (Lair:1)
  Grinder (D:6)
  Prince Ribbit (D:6)
  2 wyverns
  A spriggan (Lair:1)
  33 yaks
  3 steam dragons
  A vampire mosquito (D:7)
  A basilisk (D:11)
  Menkaure (D:4)
  2 water moccasins (Lair:1)
  4 orc warriors
  2 black bears
  3 ice beasts
  4 wolves (Lair:1)
  A centaur (D:7)
  A phantom (D:6)
  A kobold brigand (D:6)
  Blork the orc (D:4)
  6 bullfrogs
  7 scorpions
  4 killer bees (D:10)
  4 howler monkeys
  2 hounds
  4 orc priests
  A gnoll bouda (D:5)
  An iguana (D:6)
  11 orc wizards
  7 gnolls
  7 adders
  An ufetubus (D:4)
  2 dart slugs
  42 orcs
  6 ball pythons
  8 endoplasms
  13 giant cockroaches
  3 goblins
  7 hobgoblins
  A quokka (D:4)
  5 bats
  A frilled lizard (D:2)
  14 kobolds
  A rat (D:3)
  A butterfly (D:7)
237 creatures vanquished.

Vanquished Creatures (others)
  A yak (D:6)
1 creature vanquished.

Grand Total: 238 creatures vanquished

Notes
Turn   | Place    | Note
-------+----------+-------------------------------------------
     0 | D:1      | ichi404 the Hill Orc Fighter began the quest for the Orb.
     0 | D:1      | Reached XP level 1. HP: 19/19 MP: 1/1
   151 | D:1      | Reached XP level 2. HP: 27/27 MP: 2/2
   242 | D:2      | Reached skill level 3 in Axes
   276 | D:2      | Reached XP level 3. HP: 30/33 MP: 3/3
   616 | D:2      | Reached skill level 1 in Dodging
   957 | D:3      | Reached XP level 4. HP: 40/40 MP: 4/4
   969 | D:3      | Identified a scroll of acquirement
   969 | D:3      | Acquired the +9 broad axe of Propriety {venom, rPois Str+2}
  1106 | D:3      | Reached skill level 4 in Axes
  1190 | D:4      | Noticed Blork the orc
  1197 | D:4      | Killed Blork the orc
  1198 | D:4      | Reached skill level 5 in Axes
  1198 | D:4      | Reached XP level 5. HP: 39/47 MP: 5/5
  1249 | D:4      | Noticed Menkaure
  1258 | D:4      | Killed Menkaure
  1259 | D:4      | Reached skill level 6 in Axes
  1259 | D:4      | Reached XP level 6. HP: 8/53 MP: 6/6
  1444 | D:4      | Found a shadowy altar of Dithmenos.
  1495 | D:4      | Reached skill level 7 in Axes
  1661 | D:5      | Entered Level 5 of the Dungeon
  1705 | D:5      | Reached skill level 8 in Axes
  1705 | D:5      | Reached XP level 7. HP: 60/60 MP: 7/7
  1715 | D:5      | Found a runed translucent gate.
  1716 | D:5      | Found a runed translucent gate.
  1716 | D:5      | Noticed mihai's ghost (novice MiFi)
  1717 | D:5      | Found a runed translucent gate.
  1750 | D:5      | Reached skill level 5 in Fighting
  1822 | D:6      | Reached skill level 9 in Axes
  1842 | D:6      | Noticed a yak
  1844 | D:6      | Noticed a yak
  1844 | D:6      | Noticed a yak
  1844 | D:6      | Noticed a yak
  1844 | D:6      | Noticed a yak
  1849 | D:6      | Killed a yak
  1853 | D:6      | Noticed Pikel
  1854 | D:6      | Killed a yak
  1855 | D:6      | Reached skill level 10 in Axes
  1855 | D:6      | Reached XP level 8. HP: 46/69 MP: 8/8
  1855 | D:6      | Noticed Prince Ribbit
  1856 | D:6      | Killed a yak
  1863 | D:6      | Killed a yak
  1864 | D:6      | Reached skill level 11 in Axes
  1868 | D:6      | Killed Pikel
  1869 | D:6      | Reached skill level 12 in Axes
  1869 | D:6      | Reached XP level 9. HP: 16/78 MP: 9/9
  1881 | D:6      | Killed Prince Ribbit
  1882 | D:6      | Reached skill level 13 in Axes
  2059 | D:6      | Noticed Grinder
  2070 | D:6      | Killed Grinder
  2145 | D:6      | Found Raseb's Antique Armour Emporium.
  2163 | D:6      | Found a bloodstained altar of Trog.
  2285 | D:6      | Reached skill level 14 in Axes
  2576 | D:6      | Reached skill level 15 in Axes
  2576 | D:6      | Reached skill level 5 in Armour
  2576 | D:6      | Reached XP level 10. HP: 88/88 MP: 10/10
  2659 | D:6      | Found a glowing golden altar of the Shining One.
  2998 | D:7      | Found a runed translucent door.
  3004 | D:7      | Found a runed translucent door.
  3541 | D:8      | Reached skill level 16 in Axes
  3952 | D:9      | Found Huciur's Jewellery Shoppe.
  4012 | D:9      | Reached skill level 1 in Stealth
  4207 | D:10     | Entered Level 10 of the Dungeon
  4455 | D:10     | Reached skill level 17 in Axes
  4542 | D:10     | Noticed a two-headed ogre
  4546 | D:10     | Killed a two-headed ogre
  4547 | D:10     | Reached XP level 11. HP: 86/97 MP: 11/11
  4633 | D:10     | Noticed a two-headed ogre
  4638 | D:10     | Killed a two-headed ogre
  4639 | D:10     | Reached skill level 18 in Axes
  4900 | D:11     | Found a staircase to the Lair.
  4927 | D:11     | Noticed a skeletal warrior
  4941 | D:11     | Killed a skeletal warrior
  4952 | Lair:1   | Entered Level 1 of the Lair of Beasts
  4962 | Lair:1   | Reached skill level 10 in Fighting
  5307 | Lair:1   | Reached skill level 19 in Axes
  5504 | Lair:1   | Noticed Erica
  5514 | Lair:1   | Killed Erica
  5607 | Lair:1   | Reached XP level 12. HP: 89/110 MP: 12/12
  5995 | Lair:1   | Noticed an eight-headed hydra
  6005 | Lair:1   | Slain by an eight-headed hydra

Illustrated notes

Levels and vault maps discovered:
D:1:      giann_horns, layout_loops_corners
D:2:      layout_loops_ring
D:3:      layout_rooms
D:4:      layout_rooms, grunt_dithmenos_smoke, temple_hall, uniq_blork_the_orc,
          uniq_menkaure
D:5:      cheibrodos_fertilizer, layout_basic, slow_altar_2,
          lemuel_coloured_pillars_altar, gammafunk_ghost_split
D:6:      minmay_flawed_box, layout_cave_pools, bloody_trog, kennysheep_mini,
          serial_shops, nicolae_shop_dealshenge, uniq_pikel, uniq_grinder,
          uniq_prince_ribbit1
D:7:      lemuel_insect_pit, layout_cave_pods
D:8:      layout_basic, serial_shops, nicolae_shop_mannequins, minmay_ruffians
D:9:      layout_basic, orc_0_dummy, serial_shops, shop, serial_corexii_hall,
          corexii_hall_statues_x, corexii_hall_statues_s,
          corexii_hall_statues_t, corexii_hall_statues_x, special_room
          [special_room_orc], evilmike_minifort, uniq_joseph
D:10:     layout_layer_cave, minmay_overflow_temple_hex, lightli_wizard_tower
D:11:     layout_stronghold, david_lair_generic,
          nicolae_gozag_cash_rules_everything_around_me
Lair:1:   layout_hall_layers, grunt_forest_large_clearing_hut, uniq_erica

Skill      XL: |  1  2  3  4  5  6  7  8  9 10 11 12 |
---------------+-------------------------------------+-----
Axes           | 3 5 6 8 10 12 15 17 19 | 19.3
Fighting       | 4 5 6 7 9 11 12 | 12.3
Dodging        | 1 2 3 4 |  4.1
Armour         | 4 5 |  5.7
Stealth        | 1 2 |  2.2
Shields        | |  3.5

Action                     |  1- 3 |  4- 6 |  7- 9 | 10-12 || total
---------------------------+-------+-------+-------+-------++-------
  Melee: War axe           |    93 |       |       |       ||    93
         Broad axe         |       |    60 |    78 |   266 ||   404
  Evoke: Wand              |       |       |     1 |     1 ||     2
    Use: Scroll            |     1 |     4 |       |     2 ||     7
         Potion            |       |     1 |     5 |     1 ||     7
 Armour: Scale mail        |    19 |       |       |       ||    19
         Leather armour    |    29 |    29 |    19 |    12 ||    89
         Steam dragon scal |       |       |       |    32 ||    32
  Dodge: Dodged            |    34 |    37 |    34 |   101 ||   206
  Block: Buckler           |    18 |       |       |       ||    18
